 Dungeon Crawl Stone Soup version 0.29.0-11-gd7f09526c8 (webtiles) character file.

Game seed: 13134958540235141462

371 CrazyBamboolord the Magician (level 6, -1/43 HPs)
             Began as a Mummy Necromancer on Sept 5, 2022.
             Slain by Edmund
             ... wielding a +3 flail of holy wrath
              (4 damage)
             ... on level 5 of the Dungeon.
             The game lasted 00:13:12 (4212 turns).

CrazyBamboolord the Magician (Mummy Necromancer)    Turns: 4212, Time: 00:13:13

Health: -1/43      AC:  3    Str: 11    XL:     6   Next: 42%
Magic:  0/14       EV: 12    Int: 16    God:
Gold:   160        SH:  0    Dex: 13    Spells: 8/16 levels left

rFire   . . .      SeeInvis .   g - +4 short sword
rCold   + . .      Faith    .   (no shield)
rNeg    + + +      Spirit   .   a - +0 robe
rPois   ∞          Reflect  .   (no helmet)
rElec   .          Harm     .   (no cloak)
rCorr   .          Rampage  .   (no gloves)
Will    .....                   j - +0 pair of boots
Stlth   ++........              (no amulet)
HPRegen 0.14/turn               c - ring of protection from fire
MPRegen 0.14/turn               (no ring)

@: no status effects
A: cold resistance 1, negative energy resistance 3, torment resistance 2, heat
vulnerability 1, in touch with death 1, no potions
a: no special abilities


You were on level 5 of the Dungeon.
You visited 1 branch of the dungeon, and saw 5 of its levels.

You collected 160 gold pieces.

Inventory:

Hand Weapons
 e - a +1 dagger of venom
 g - a +4 short sword (weapon)
Armour
 a - a +0 robe (worn)
 j - a +0 pair of boots (worn)
Jewellery
 c - a ring of protection from fire (left hand)
Wands
 n - a wand of flame (16)
Scrolls
 b - a scroll of blinking
 d - a scroll of enchant armour {unknown}
 f - a scroll of immolation {unknown}
 h - a scroll of poison {unknown}
 i - a scroll of brand weapon {unknown}
 k - a scroll of vulnerability {unknown}
 l - a scroll of magic mapping
 m - a scroll of teleportation
 o - a scroll of identify {unknown}


   Skills:
 * Level 1.5 Fighting
 * Level 2.3 Dodging
 + Level 1.6 Stealth
 * Level 5.7 Spellcasting
 * Level 0.8 Hexes
 * Level 5.5 Necromancy


You had 8 spell levels left.
You knew the following spells:

 Your Spells              Type           Power      Damage    Failure   Level
a - Necrotise             Necr           100%       1d9       1%          1
b - Vampiric Draining     Necr           33%        2d8       4%          3
c - Animate Dead          Necr           33%        N/A       14%         4

Your spell library contained the following spells:

 Spells                   Type           Power      Damage    Failure   Level
 Tukima's Dance           Hex            7%         N/A       30%         3
 Portal Projectile        Hex/Tloc       10%        N/A       34%         3
 Agony                    Necr           33%        N/A       36%         5
 Gell's Gravitas          Tloc           4%         N/A       38%         3
 Teleport Other           Tloc           4%         N/A       38%         3
 Dispersal                Tloc           2%         N/A       100%        6
 Blade Hands              Tmut           Unusable   N/A       N/A         5

Dungeon Overview and Level Annotations

Branches:
Dungeon (5/15)
 Temple: D:4-7

Altars:
Ashenzari

Annotations:
D:5 Edmund


Innate Abilities, Weirdness & Mutations

You are immune to poison.
Your flesh is cold resistant. (rC+)
You are immune to negative energy. (rN+++)
You are immune to unholy pain and torment.
You are vulnerable to heat. (rF-)
You are in touch with the powers of death.
You do not drink.


Message History

Confirm with . or Enter, or press ? or * to list all spells.
Aiming: Vampiric Draining (dangerous; 4% risk of failure)
Press: ? - help, Shift-Dir - straight line, f/p - Edmund
Aim: Edmund, wielding a +3 flail of holy wrath and wearing a +0 chain mail You feel a surge of power!
You draw life force from Edmund!
Edmund barely misses you.
You hit Edmund.
Edmund is moderately wounded.
Edmund hits you with a +3 flail of holy wrath!
You convulse!
Casting: Vampiric Draining (dangerous; 4% risk of failure)
Confirm with . or Enter, or press ? or * to list all spells.
Aiming: Vampiric Draining (dangerous; 4% risk of failure)
Press: ? - help, Shift-Dir - straight line, f/p - Edmund
Aim: Edmund, wielding a +3 flail of holy wrath and wearing a +0 chain mail (moderately wounded)
You feel a surge of power!
You draw life force from Edmund.
You feel life coursing into your body.
Edmund clears his throat.
Edmund closely misses you.
Casting: Vampiric Draining (dangerous; 4% risk of failure)
Confirm with . or Enter, or press ? or * to list all spells.
Aiming: Vampiric Draining (dangerous; 4% risk of failure)
Press: ? - help, Shift-Dir - straight line, f/p - Edmund
Aim: Edmund, wielding a +3 flail of holy wrath and wearing a +0 chain mail (moderately wounded)
You feel a surge of power!
You draw life force from Edmund!
You feel life coursing into your body.
Edmund hits you with a +3 flail of holy wrath!
You convulse!
* * * LOW HITPOINT WARNING * * *
Casting: Vampiric Draining (dangerous; 4% risk of failure)
Confirm with . or Enter, or press ? or * to list all spells.
Aiming: Vampiric Draining (dangerous; 4% risk of failure)
Press: ? - help, Shift-Dir - straight line, f/p - Edmund
Aim: Edmund, wielding a +3 flail of holy wrath and wearing a +0 chain mail (heavily wounded)
You feel a surge of power!
You draw life force from Edmund.
You feel life coursing into your body.
Edmund hits you with a +3 flail of holy wrath.
* * * LOW HITPOINT WARNING * * *
You convulse.
You die...

**,,,,,,,*,,,,,,,,,,,,,,,,,,,
**,,,,,,#.*,,,,,,,,,,,,,****
*******,,,,,*#.*,***,****,*****,,
,,,,,,,,,,,,*#.*,,,,,,,,,,,,,,,,*
,,,,,,,,,,,,*#.#****,****,,,,****
,,,,,,,,,,,,,,..,,,,..,,,,<,,,,,,
,,,,,,,,,,,,**#.****.#*,,,,,,****
,,,,,,,,,,,,* #.## #.#*,,,,,,*
,,,,,,,,,,,,* #.@# #@#*,,,,,,*
,,,,,,,,,,,,* ##@###.#*......#
,,,,,,,,,,,,* #...#.##......#
,,,,,,,,,,,,* ###.#.##......#
,,,,,,,,,,,,* #...##......#
***********,* ##...#......#***
,,,,,,,,* *,**######..#......#,,,
,,,,,,,,* *,,.........#......#,**
,,,,,,,,*****#######.........#,*


You could see Edmund.

Vanquished Creatures
  An ice beast (D:4)
  2 orc priests
  2 orc wizards (D:4)
  6 adders
  2 worms (D:2)
  3 dart slugs
  8 orcs
  6 endoplasms
  4 giant cockroaches
  15 goblins
  11 hobgoblins
  4 jackals (D:2)
  2 quokkas
  5 ball pythons
  7 bats
  5 frilled lizards
  4 kobolds
  4 rats
91 creatures vanquished.

Vanquished Creatures (collateral kills)
  An orc (D:3)
  A hobgoblin (D:1)
  A ball python (D:1)
  A frilled lizard (D:2)
4 creatures vanquished.

Grand Total: 95 creatures vanquished

Notes
Turn   | Place    | Note
-------+----------+-------------------------------------------
     0 | D:1      | CrazyBamboolord the Mummy Necromancer began the quest for
                  | the Orb.
     0 | D:1      | Reached XP level 1. HP: 13/13 MP: 4/4
   243 | D:1      | Reached XP level 2. HP: 20/20 MP: 0/5
   560 | D:1      | Found a faded altar of an unknown god.
   979 | D:2      | Gained mutation: You are in touch with the powers of death.
                  | [Mummy growth]
   979 | D:2      | Reached XP level 3. HP: 25/25 MP: 0/7
  1283 | D:2      | Learned a level 3 spell: Vampiric Draining
  1340 | D:2      | Reached skill level 1 in Fighting
  1340 | D:2      | Reached XP level 4. HP: 32/32 MP: 3/9
  2610 | D:3      | Learned a level 4 spell: Animate Dead
  2914 | D:3      | Reached skill level 5 in Necromancy
  2914 | D:3      | Reached XP level 5. HP: 37/37 MP: 2/11
  3511 | D:4      | Reached skill level 5 in Spellcasting
  3555 | D:4      | Found a broken altar of Ashenzari.
  3561 | D:4      | Noticed an ice beast
  3570 | D:4      | Killed an ice beast
  3571 | D:4      | Reached XP level 6. HP: 43/43 MP: 4/14
  4179 | D:5      | Entered Level 5 of the Dungeon
  4199 | D:5      | Noticed Edmund
  4212 | D:5      | Slain by Edmund

Illustrated notes

Levels and vault maps discovered:
D:1:      heliophobic_arrival_glass_houses, layout_basic,
          ebering_ecumenical_altar_box
D:2:      layout_loops_ring, grunt_decor_cap, grunt_ministairs_11, minmay_vboxes
D:3:      layout_loops_cross, st_stairs_3
D:4:      layout_gridville, nicolae_ashenzari_skybound
D:5:      layout_basic, cheibrodos_sewer_entry_drain, uniq_edmund

Skill      XL: |  1  2  3  4  5 |
---------------+----------------+-----
Spellcasting   | 3 4 5 |  5.7
Dodging        | 2 |  2.3
Fighting       | 1 |  1.5
Necromancy     | 5 |  5.5
Stealth        | |  1.6
Hexes          | |  0.8

Action                   |  1- 3 |  4- 6 || total
-------------------------+-------+-------++-------
Melee: Unarmed           |     3 |       ||     3
       Dagger            |    10 |       ||    10
       Short sword       |    24 |     7 ||    31
       Punch             |       |     1 ||     1
 Cast: Necrotise         |    67 |    93 ||   160
       Vampiric Draining |     1 |    15 ||    16
  Use: Scroll            |       |     5 ||     5
Armor: Robe              |    14 |     3 ||    17
Dodge: Dodged            |    40 |    21 ||    61
